 Dungeon Crawl Stone Soup version 0.19.0-19-g8c6edcc (webtiles) character file.

17298 asthiss the Basher (level 12, -1/111 HPs)
             Began as a Minotaur Berserker on Nov 12, 2016.
             Was a High Priest of Trog.
             Slain by a manticore (3 damage)
             ... on level 12 of the Dungeon.
             The game lasted 00:56:29 (14662 turns).

asthiss the Basher (Minotaur Berserker)            Turns: 14662, Time: 00:56:30

Health: -1/111     AC: 13    Str: 26    XL:     12   Next: 17%
Magic:  11/11      EV: 14    Int:  4    God:    Trog [*****.]
Gold:   626        SH:  0    Dex: 11    Spells: 0 memorised, 11 levels left

rFire  + . .     SeeInvis .     e - +1 demon whip (elec)
rCold  . . .     Gourm    .     u - +2 swamp dragon scales of the Morning Star {rPois rF+}
rNeg   . . .     Faith    .     (no shield)
rPois  +         Spirit   .     (helmet restricted)
rElec  .         Reflect  .     (no cloak)
rCorr  .         Harm     .     (no gloves)
MR     .....                    (no boots)
Stlth  +.........               c - amulet of magic regeneration
                                o - ring of poison resistance
                                s - ring of poison resistance

@: exhausted, about to teleport, very slightly contaminated, slowed, invisible,
very slow
A: retaliatory headbutt, horns 2
a: Berserk, Trog's Hand, Brothers in Arms, Burn Spellbooks, Renounce Religion


You were on level 12 of the Dungeon.
You worshipped Trog.
Trog was extremely pleased with you.
You were very hungry.

You visited 1 branch of the dungeon, and saw 12 of its levels.
You also visited: Sewer.

You collected 626 gold pieces.

Inventory:

Hand Weapons
 a - a +2 mace
 e - a +1 demon whip of electrocution (weapon)
Armour
 j - a +3 chain mail
 t - a +1 leather armour of magic resistance
 u - the +2 swamp dragon scales of the Morning Star (worn) {rPois rF+}
   (You found it on level 9 of the Dungeon)

   It protects you from fire.
   It protects you from poison.
 w - the cursed +1 animal skin of the Last Blessings {Regen+ Str+3 Slay+3, unknown}
   (You took it off an orc on level 9 of the Dungeon)

   It affects your strength (+3).
   It affects your accuracy and damage with ranged weapons and melee attacks
   (+3).
   It increases your rate of regeneration.
   It has a curse placed upon it.
Jewellery
 c - an amulet of magic regeneration (around neck)
 o - a ring of poison resistance (right hand)
 s - a ring of poison resistance (left hand)
Wands
 q - a wand of enslavement (19/24)
Scrolls
 b - 6 scrolls of remove curse
 x - 3 scrolls of magic mapping
 y - 3 scrolls of recharging
Potions
 d - a potion of brilliance
 k - a potion of berserk rage
 p - 2 potions of agility
 r - a potion of invisibility
Miscellaneous
 h - a phial of floods
Comestibles
 f - 2 beef jerkies
 i - 3 fruits
 l - 10 slices of pizza
 m - a meat ration
 n - a bread ration
 v - 4 chunks of flesh


   Skills:
 + Level 11.6 Fighting
 + Level 14.4 Maces & Flails
 + Level 12.9 Armour
 + Level 6.9 Dodging
 + Level 3.0 Stealth


You had 11 spell levels left.
You didn't know any spells.

Dungeon Overview and Level Annotations

Branches:
Dungeon (12/15)            Temple (0/1) D:7            Lair (0/6) D:9
    Orc (0/2) D:9

Altars:
Hepliaklqana
Kikubaaqudgha
Makhleb
Nemelex Xobeh
Okawaru
Qazlal
Ru
Sif Muna
Trog
Uskayaw
Xom
Yredelemnul
Zin
The Shining One

Annotations:
D:10 Joseph


Innate Abilities, Weirdness & Mutations

You reflexively headbutt those who attack you in melee.
You have a pair of horns on your head.


Message History

The orc hits you with a war axe.
* * * LOW HITPOINT WARNING * * *
2 killer bees come into view.
You fade into invisibility!
The killer bee closely misses you. x2; You furiously retaliate!
You headbutt the killer bee! The killer bee closely misses you.
The killer bee misses you. The manticore completely misses you.
The manticore misses you. x2; The orc hits you with a war axe.
* * * LOW HITPOINT WARNING * * *
The killer bee misses you. You furiously retaliate!
You headbutt the killer bee! The killer bee closely misses you.
You are very lightly contaminated with residual magic.
You're too exhausted to go berserk.
You whack the killer bee!
You kill the killer bee!
Trog accepts your kill.
The killer bee stings you but does no damage.
The manticore barely misses you. The manticore misses you.
The manticore claws you.
You die... # # .# .. # ###. #..#y h#% .5y###.. #rH#yy

#yy†##
#@H#
##oyy#
y#.W#
##
..y#
#.. .


You could see a manticore, a hippogriff, a wraith, a hound, 10 killer bees, a
crimson imp, an orc and a quokka.

Vanquished Creatures
  Erolcha (D:9)
  A hydra (D:12)
  Erica (D:9)
  2 centaur warriors
  An ogre mage (D:12)
  3 unseen horrors
  A hill giant (D:12)
  An ugly thing (D:12)
  2 cyclopes
  Maurice (D:10)
  2 trolls (D:10)
  A hornet (D:9)
  A raiju (shapeshifter) (D:12)
  2 hippogriffs
  A vampire (D:10)
  A wraith (D:8)
  4 hogs (D:8)
  6 yaks (D:10)
  A human (D:8)
  A steam dragon (D:11)
  Menkaure (D:6)
  A water moccasin (D:3)
  3 sky beasts
  2 black bears
  A swamp drake (D:9)
  An ice beast (D:7)
  2 necrophages
  2 phantoms
  2 orc warriors
  An eye of draining (D:9)
  3 ogres
  4 centaurs
  4 bullfrogs
  A big kobold (D:10)
  A wyvern zombie (D:8)
  6 scorpions
  16 killer bees
  2 electric eels (D:9)
  5 howler monkeys
  A crimson imp (D:10)
  2 bullfrog zombies (D:10)
  7 hounds
  A quasit (D:10)
  3 centaur zombies
  9 jellies
  6 orc priests
  10 orc wizards
  Jessica (D:2)
  3 iguanas
  Natasha (thrice) (D:4)
  A bullfrog skeleton (D:4)
  11 worker ants
  3 hound skeletons
  2 worker ant zombies
  18 adders
  2 gnolls (D:1)
  2 howler monkey skeletons
  5 shadow imps
  10 oozes (Sewer)
  An adder zombie (D:5)
  4 worms
  3 dart slugs
  10 leopard geckos
  44 orcs
  9 bats
  11 giant cockroaches
  2 gnoll zombies (D:6)
  7 goblins
  8 hobgoblins
  13 jackals
  10 kobolds
  A quokka (D:3)
  13 ball pythons
  11 frilled lizards
  A giant cockroach zombie (D:6)
  A leopard gecko skeleton (D:5)
  A quokka skeleton (D:9)
  12 rats
354 creatures vanquished.

Vanquished Creatures (collateral kills)
  The ghost of Monsterracer the Basher, a novice MiBe of Trog (D:5)
  A troll (D:9)
  A soldier ant (shapeshifter) (D:12)
  An orc warrior (D:9)
  A black bear (D:6)
  A centaur (D:10)
  4 wolves (D:9)
  2 bullfrog zombies (D:12)
  4 orc priests
  A bullfrog skeleton (D:9)
  2 hounds (D:9)
  4 orc wizards
  A worker ant (D:9)
  A shadow imp (D:9)
  An ooze (Sewer)
  A leopard gecko (Sewer)
  9 orcs
  A giant cockroach (Sewer)
37 creatures vanquished.

Grand Total: 391 creatures vanquished

Notes
Turn   | Place    | Note
-------+----------+-------------------------------------------
     0 | D:1      | asthiss the Minotaur Berserker began the quest for the Orb.
     0 | D:1      | Reached XP level 1. HP: 19/19 MP: 0/0
   191 | D:1      | Reached XP level 2. HP: 27/27 MP: 1/1
   242 | D:1      | Reached skill level 4 in Maces & Flails
   466 | D:1      | Reached XP level 3. HP: 20/34 MP: 2/2
   478 | D:1      | Reached ** piety under Trog
   691 | D:1      | Found a shimmering altar of Xom.
   693 | D:1      | Found a glowing golden altar of the Shining One.
   693 | D:1      | Found a bloodstained altar of Trog.
   695 | D:1      | Found a bloodstained altar of Trog.
   695 | D:1      | Found an ancient bone altar of Kikubaaqudgha.
   695 | D:1      | Found a glowing silver altar of Zin.
   976 | D:2      | Found a faded altar of an unknown god.
  1012 | D:2      | Reached XP level 4. HP: 20/41 MP: 3/3
  1519 | D:2      | Noticed Jessica
  1528 | D:2      | Killed Jessica
  1528 | D:2      | Reached skill level 5 in Maces & Flails
  2148 | D:3      | Reached XP level 5. HP: 47/47 MP: 4/4
  2225 | D:3      | Reached *** piety under Trog
  2229 | D:3      | Noticed a water moccasin
  2237 | D:3      | Killed a water moccasin
  2237 | D:3      | Reached skill level 6 in Maces & Flails
  2574 | D:3      | Reached XP level 6. HP: 53/53 MP: 5/5
  2602 | D:3      | Found a glowing drain.
  2615 | Sewer    | Entered a sewer
  2790 | Sewer    | Reached **** piety under Trog
  2877 | Sewer    | Reached skill level 5 in Fighting
  3114 | Sewer    | Reached skill level 7 in Maces & Flails
  3132 | Sewer    | Reached skill level 5 in Armour
  3132 | Sewer    | Reached XP level 7. HP: 37/61 MP: 6/6
  3346 | D:4      | Noticed Natasha
  3358 | D:4      | Killed Natasha
  3519 | D:4      | Noticed Natasha
  3524 | D:4      | Killed Natasha
  3657 | D:4      | Noticed Natasha
  3662 | D:4      | Killed Natasha
  3854 | D:4      | Found a sacrificial altar of Ru.
  4187 | D:5      | Entered Level 5 of the Dungeon
  4217 | D:5      | Noticed Monsterracer's ghost (novice MiBe)
  4236 | D:5      | Killed Monsterracer's ghost
  4236 | D:5      | Reached skill level 8 in Maces & Flails
  4236 | D:5      | Reached XP level 8. HP: 15/70 MP: 7/7
  4640 | D:5      | Found a stormy altar of Qazlal.
  4641 | D:5      | Found an iron altar of Okawaru.
  4642 | D:5      | Found a burning altar of Makhleb.
  4642 | D:5      | Found a deep blue altar of Sif Muna.
  4717 | D:5      | Found a glowing silver altar of Zin.
  4770 | D:5      | Reached ***** piety under Trog
  4877 | D:5      | Reached skill level 9 in Maces & Flails
  4921 | D:5      | Found a glowing golden altar of the Shining One.
  5411 | D:6      | Reached skill level 10 in Maces & Flails
  5411 | D:6      | Reached XP level 9. HP: 37/79 MP: 8/8
  5691 | D:6      | Found a deep blue altar of Sif Muna.
  5814 | D:6      | Noticed Menkaure
  5828 | D:6      | Killed Menkaure
  5845 | D:6      | Found an ancient bone altar of Kikubaaqudgha.
  5939 | D:6      | Found a basalt altar of Yredelemnul.
  6122 | D:7      | Found a staircase to the Ecumenical Temple.
  6984 | D:7      | Reached skill level 11 in Maces & Flails
  7727 | D:8      | Reached skill level 1 in Stealth
  7894 | D:8      | Reached skill level 10 in Armour
  8049 | D:8      | Reached XP level 10. HP: 78/84 MP: 9/9
  8555 | D:8      | Reached skill level 12 in Maces & Flails
  9565 | D:9      | Found a sparkling altar of Nemelex Xobeh.
  9694 | D:9      | Noticed Erica
  9798 | D:9      | Found a staircase to the Lair.
 10194 | D:9      | Found a hazy altar of Hepliaklqana.
 10242 | D:9      | Found a hide-covered altar of Uskayaw.
 10243 | D:9      | Noticed Erolcha
 10257 | D:9      | Killed Erolcha
 10348 | D:9      | Received a gift from Trog
 10380 | D:9      | Got transparent swamp dragon scales
 10392 | D:9      | Identified the +2 swamp dragon scales of the Morning Star {rPois rF+} (You found it on level 9 of the Dungeon)
 10401 | D:9      | Found a staircase to the Orcish Mines.
 10453 | D:9      | Got a shimmering animal skin
 10834 | D:9      | Killed Erica
 10834 | D:9      | Reached skill level 13 in Maces & Flails
 10933 | D:10     | Entered Level 10 of the Dungeon
 10947 | D:10     | Reached XP level 11. HP: 74/97 MP: 3/10
 11194 | D:10     | Reached skill level 5 in Dodging
 11649 | D:10     | Killed an unseen horror
 12096 | D:10     | Noticed Maurice
 12118 | D:10     | Killed Maurice
 12161 | D:10     | Noticed Joseph
 12477 | D:10     | Reached skill level 10 in Fighting
 12506 | D:10     | Noticed a centaur warrior
 12538 | D:10     | Killed a centaur warrior
 13260 | D:10     | Killed an unseen horror
 14337 | D:11     | Reached skill level 14 in Maces & Flails
 14558 | D:12     | Noticed a four-headed hydra
 14569 | D:12     | Noticed a hill giant
 14574 | D:12     | Killed a four-headed hydra
 14583 | D:12     | Killed a hill giant
 14592 | D:12     | Killed an unseen horror
 14592 | D:12     | Reached XP level 12. HP: 98/110 MP: 11/11
 14606 | D:12     | Noticed an ogre mage
 14612 | D:12     | Killed an ogre mage
 14628 | D:12     | Noticed a centaur warrior
 14644 | D:12     | Noticed a catoblepas
 14649 | D:12     | Killed a centaur warrior
 14657 | D:12     | Noticed a fire dragon
 14660 | D:12     | HP: 4/111 [killer bee (2)]
 14662 | D:12     | Slain by a manticore

Skill      XL: |  1  2  3  4  5  6  7  8  9 10 11 12 |
---------------+-------------------------------------+-----
Maces & Flails | 4 5 6 7 8 10 11 13 14 | 14.4
Fighting       | 4 5 6 7 9 11 | 11.6
Armour         | 3 4 5 6 8 10 12 | 12.9
Dodging        | 3 4 6 |  6.9
Stealth        | 1 2 3 |  3.0

Action                   |  1- 3 |  4- 6 |  7- 9 | 10-12 || total
-------------------------+-------+-------+-------+-------++-------
Melee: Mace              |    89 |   280 |   362 |   101 ||   832
       Headbutt          |    14 |    36 |    72 |    86 ||   208
       Demon whip        |       |       |       |   291 ||   291
Invok: Trog's Hand       |     1 |       |       |       ||     1
       Brothers in Arms  |       |       |     3 |    11 ||    14
       Berserk           |       |       |     3 |     4 ||     7
       Burn Spellbooks   |       |       |     2 |     2 ||     4
  Use: Scroll            |     7 |     3 |     8 |     8 ||    26
       Potion            |     4 |     3 |     1 |     6 ||    14
  Eat: Bread ration      |       |     1 |     1 |     2 ||     4
       Chunk             |       |     4 |     9 |     4 ||    17
       Meat ration       |       |       |     1 |     1 ||     2
       Pizza             |       |       |     1 |       ||     1
       Fruit             |       |       |       |     9 ||     9
       Beef jerky        |       |       |       |     1 ||     1
Armor: Chain mail        |    58 |    45 |   213 |    44 ||   360
       Plate armour      |       |   208 |    52 |       ||   260
       Swamp dragon scal |       |       |       |   110 ||   110
Dodge: Dodged            |    45 |   147 |   182 |   200 ||   574
